 Dungeon Crawl Stone Soup version 0.30-a0-989-g0d87f670db (webtiles) character file.

Game seed: 3367841558170372275

12077 cforsyth the Basher (level 12, -2/103 HPs)
             Began as a Formicid Fighter on Apr 3, 2023.
             Was a Priest of Ru.
             Slain by an ettin
             ... wielding a +4 great mace
              (27 damage)
             ... on level 12 of the Dungeon.
             The game lasted 00:19:10 (14746 turns).

cforsyth the Basher (Formicid Fighter)             Turns: 14746, Time: 00:19:11

Health: -2/103     AC: 16    Str: 25    XL:     12   Next: 15%
Magic:  12/12      EV:  8    Int:  9    God:    Ru [***...]
Gold:   881        SH: 10    Dex: 13    Spells: 11/11 levels left

rFire   . . .      SeeInvis +    D - +0 dire flail
rCold   . . .      Faith    .    c - +0 buckler
rNeg    . . .      Spirit   .    w - +2 chain mail {rPois}
rPois   +          Reflect  +    (helmet unavailable)
rElec   .          Rampage  .    l - +0 cloak
rCorr   .                        A - +1 pair of gloves
Will    +....                    v - +0 pair of boots Stlth
                                 t - amulet of reflection
HPRegen 0.37/turn                u - ring of poison resistance
MPRegen 0.13/turn                (no ring)

@: mighty
A: permanent stasis, dig shafts and tunnels, antennae 3, no potion heal 1,
inability to use devices, four strong arms
a: Dig, Shaft Self, Renounce Religion, Draw Out Power


You were on level 12 of the Dungeon.
You worshipped Ru.
Ru was most pleased with you.
You visited 2 branches of the dungeon, and saw 13 of its levels.
You also visited: Sewer.

You collected 931 gold pieces.
You spent 50 gold pieces at shops.

Inventory:

Hand Weapons
 a - a +1 flail
 D - a +0 dire flail (weapon)
Armour
 c - a +0 buckler (worn)
 l - a +0 cloak (worn)
 v - a +0 pair of boots (worn)
 w - a +2 chain mail of poison resistance (worn)
 A - a +1 pair of gloves (worn)
Jewellery
 t - an amulet of reflection (around neck)
 u - a ring of poison resistance (left hand)
 J - a ring of magical power
Scrolls
 b - 2 scrolls of brand weapon
 e - 3 scrolls of magic mapping
 i - 3 scrolls of enchant armour
 j - 2 scrolls of immolation
 k - 2 scrolls of identify
 o - 4 scrolls of fear
 x - 2 scrolls of butterflies {unknown}
 y - a scroll of enchant weapon
 z - 2 scrolls of vulnerability
 B - a scroll of torment {unknown}
 C - 4 scrolls of poison
 F - 2 scrolls of amnesia {unknown}
 K - 2 scrolls of fog {unknown}
Potions
 d - 2 potions of might
 f - a potion of lignification
 g - 2 potions of attraction
 h - 2 potions of curing
 m - a potion of magic
 n - 3 potions of brilliance
 p - a potion of resistance
 q - 2 potions of heal wounds
 r - 4 potions of mutation
 s - a potion of flight
 G - a potion of ambrosia


   Skills:
 - Level 12.7 Fighting
 - Level 14.0 Maces & Flails
 + Level 5.1 Armour
 + Level 6.2 Shields


You had 11 spell levels left.
You didn't know any spells.
Your spell library contained the following spells:

 Spells                   Type           Power      Damage    Failure   Level
 Sublimation of Blood     Necr           0%         N/A       99%         2
 Wereblood                Tmut           0%         N/A       99%         2
 Malign Gateway           Summ/Tloc      0%         N/A       100%        7
 Summon Hydra             Summ           0%         N/A       100%        7
 Summon Horrible Things   Summ           0%         N/A       100%        8


Dungeon Overview and Level Annotations

Branches:
Dungeon (12/15)            Temple (1/1) D:5            Lair (0/5) D:8
    Orc (0/2) D:11          Sewer (visited)

Altars:
Ashenzari
Cheibriados
Dithmenos
Elyvilon
Fedhas
Gozag
Hepliaklqana
Kikubaaqudgha
Makhleb
Nemelex Xobeh
Okawaru
Qazlal
Ru
Sif Muna
Trog
Uskayaw
Vehumet
Wu Jian
Xom
Yredelemnul
Zin
The Shining One

Shops:
D:1 *   D:4 [?(=   D:10 :   D:12 *

Annotations:
D:10 1 runed translucent door, kiwi3s's ghost, novice MiBe
D:12 NeonRainbow's ghost, journeyman TrTm


Innate Abilities, Weirdness & Mutations

You cannot be hasted, slowed, berserked, paralysed or teleported.
You can dig through walls and to a lower floor.
You have a pair of large antennae on your head. (SInv)
Potions are less effective at restoring your health.
You cannot study or use magical devices.
Your four strong arms can wield two-handed weapons with a shield.


Message History

NeonRainbow's ghost whispers, "It is all a dream - a grotesque and foolish dream."
NeonRainbow's ghost says, "I break bones and crack skulls... with my bare hands."
NeonRainbow's ghost whispers, "The ORB doesn't exist."
NeonRainbow's ghost shouts, "There is no future for me!"
NeonRainbow's ghost says, "You can run, but you can't hide!"
HP restored.
Unknown command.
NeonRainbow's ghost flexes its fingers.
There is a transporter here.
NeonRainbow's ghost says, "I break bones and crack skulls... with my bare hands."
NeonRainbow's ghost wails, "I have seen your future, and it is all used up."
There is a transporter here.
You enter the transporter and appear at another place.
There is a transporter here.
Press: ? - help, v - describe, . - travel
Here: an ettin, wielding a +4 great mace and a +4 giant spiked club The floor.
Unknown command.
You feel very mighty all of a sudden.
You enter the transporter and appear at another place.
The ettin hits you with a +4 great mace.
The ettin hits you with a +4 giant spiked club!!
You bludgeon the ettin!!
The ettin is moderately wounded.
The ettin closely misses you. You block the ettin's attack.
You barely miss the ettin.
The ettin is moderately wounded.
You block the ettin's attack.
The ettin hits you with a +4 giant spiked club!
You hit the ettin.
The ettin is moderately wounded.
You impale the ettin!!
The ettin is severely wounded.
The ettin is stunned by your conviction and fails to attack.
You hit the ettin.
The ettin is severely wounded.
The ettin hits you with a +4 great mace!!
* * * LOW HITPOINT WARNING * * *
The ettin hits you with a +4 giant spiked club!!
You die...

#.......##..##.(.....##...+......
#.......###..#.......#..###......
#.......# ##.'.......'.## #......
##'#############.....### #####'#
#.†.# #.....©#..#'## #.. ###.#
#..##..#....# ##. #.#
#.#..#.#...## #########'
####'####.#..#O#).## #.#..<....
#......##O.##OW#@.## #.#.######
#......##©....O#.C.# #.#.#.....
#......##..##.O#©..### #.#.###.#.
#......##.#..#$#...'.###.#...#.#.
#......'#.#.$#.#...#...#.###.####
#......##..##..#...###.#.>.#(....
#......##......#..## #.'.#.######
##'#############..# ###.#.......
##.# ##.## ##########


You could see an ettin, 4 two-headed ogres and NeonRainbow's ghost.

Vanquished Creatures
  4 two-headed ogres
  A boulder beetle (D:12)
  2 ugly things (D:12)
  A cyclops (D:11)
  2 unseen horrors
  2 komodo dragons
  3 trolls
  A wraith (D:10)
  A vampire (D:11)
  3 shadows
  7 yaks
  Grum (D:8)
  5 vampire mosquitoes (D:12)
  An acid dragon (D:10)
  2 water moccasins
  2 sky beasts
  9 orc warriors
  A black bear (D:6)
  2 wolves (D:8)
  5 centaurs
  3 kobold brigands
  2 bullfrogs (D:8)
  A gnoll sergeant (D:9)
  3 scorpions
  8 wights (D:7)
  5 howler monkeys
  A gnoll bouda (D:8)
  6 orc priests
  A jelly (D:4)
  Jessica (D:3)
  3 iguanas
  10 orc wizards
  9 gnolls
  7 adders
  2 river rats (D:3)
  An ufetubus (Temple)
  3 worms
  A dart slug (D:3)
  49 orcs
  4 bats
  11 endoplasms
  4 giant cockroaches
  9 goblins
  9 hobgoblins
  7 jackals
  6 quokkas
  12 ball pythons
  7 frilled lizards
  23 kobolds
  9 rats
  A rat zombie (D:9)
273 creatures vanquished.

Vanquished Creatures (others)
  A wraith (D:12)
  An orc (D:12)
  A kobold (D:9)
3 creatures vanquished.

Grand Total: 276 creatures vanquished

Notes
Turn   | Place    | Note
-------+----------+-------------------------------------------
     0 | D:1      | cforsyth the Formicid Fighter began the quest for the Orb.
     0 | D:1      | Reached XP level 1. HP: 18/18 MP: 1/1
   183 | D:1      | Reached XP level 2. HP: 24/24 MP: 2/2
   399 | D:1      | Found Yguup's Assorted Antiques.
   488 | D:1      | Reached XP level 3. HP: 29/29 MP: 3/3
  1166 | D:2      | Found a shimmering blue altar of Sif Muna.
  1302 | D:2      | Reached XP level 4. HP: 37/37 MP: 4/4
  1770 | D:3      | Reached XP level 5. HP: 40/42 MP: 5/5
  1776 | D:3      | Reached skill level 3 in Maces & Flails
  1800 | D:3      | Noticed Jessica
  1805 | D:3      | Killed Jessica
  1898 | D:3      | Found a glowing drain.
  1967 | Sewer    | Entered a sewer
  2048 | Sewer    | Noticed a water moccasin
  2054 | Sewer    | Killed a water moccasin
  2055 | Sewer    | Reached skill level 4 in Maces & Flails
  2055 | Sewer    | Reached XP level 6. HP: 34/50 MP: 6/6
  2472 | D:3      | Reached skill level 5 in Fighting
  2883 | D:4      | Reached XP level 7. HP: 43/56 MP: 7/7
  2890 | D:4      | Reached skill level 5 in Maces & Flails
  3000 | D:4      | Found Zaethana's Magic Scroll Shop.
  3231 | D:4      | Found Ibumol's Jewellery Shoppe.
  3454 | D:4      | Found Buatt's Weapon Boutique.
  3708 | D:4      | Found Hizeich's Antique Armour Shoppe.
  4077 | D:1      | Bought 2 glowing silvery potions for 32 gold pieces
  4077 | D:1      | Bought a scroll labelled OGAOTA MOROMI for 18 gold pieces
  4182 | D:5      | Entered Level 5 of the Dungeon
  4298 | D:5      | Reached skill level 6 in Maces & Flails
  4509 | D:5      | Found a staircase to the Ecumenical Temple.
  4514 | D:5      | Found Zeashr Ceti's General Store.
  4527 | Temple   | Entered the Ecumenical Temple
  4820 | D:5      | Found a stormy altar of Qazlal.
  4820 | D:5      | Noticed a water moccasin
  4838 | D:5      | Killed a water moccasin
  4839 | D:5      | Reached XP level 8. HP: 41/64 MP: 8/8
  5557 | D:6      | Reached skill level 7 in Maces & Flails
  5846 | D:6      | Found a snail-covered altar of Cheibriados.
  5846 | D:6      | Found a sacrificial altar of Ru.
  5846 | D:6      | Found a sparkling altar of Nemelex Xobeh.
  6061 | D:6      | Reached skill level 8 in Maces & Flails
  6241 | D:6      | Became a worshipper of Ru the Awakened
  6330 | D:7      | Reached XP level 9. HP: 57/72 MP: 9/9
  6922 | D:7      | Reached skill level 9 in Maces & Flails
  7810 | D:8      | Noticed Grum
  7834 | D:8      | Killed Grum
  7845 | D:7      | Gained mutation: Potions are less effective at restoring
                  | your health. [Ru sacrifice]
  8080 | D:8      | Found a staircase to the Lair.
  8202 | D:8      | Found a shimmering blue altar of Sif Muna.
  8241 | D:8      | Reached skill level 10 in Maces & Flails
  8395 | D:8      | Reached XP level 10. HP: 36/82 MP: 10/10
  8442 | D:8      | Found an opulent altar of Gozag.
  8784 | D:8      | Reached skill level 11 in Maces & Flails
  9290 | D:9      | Noticed a two-headed ogre
  9297 | D:9      | Killed a two-headed ogre
  9886 | D:9      | Found an ancient bone altar of Kikubaaqudgha.
  9904 | D:10     | Entered Level 10 of the Dungeon
 10005 | D:10     | Reached skill level 10 in Fighting
 10005 | D:10     | Reached skill level 12 in Maces & Flails
 10299 | D:10     | Found a broken altar of Ashenzari.
 10465 | D:10     | Noticed an unseen horror
 10500 | D:10     | Killed an unseen horror
 10661 | D:10     | Gained mutation: You cannot study or use magical devices.
                  | [Ru sacrifice]
 10661 | D:10     | Reached * piety under Ru
 10661 | D:10     | Reached ** piety under Ru
 10661 | D:10     | Reached *** piety under Ru
 10785 | D:10     | Found a runed translucent door.
 10787 | D:10     | Noticed kiwi3s's ghost (novice MiBe)
 10894 | D:10     | Noticed a two-headed ogre
 10908 | D:10     | Killed a two-headed ogre
 10909 | D:10     | Reached XP level 11. HP: 50/92 MP: 11/11
 11140 | D:10     | Found Suhiewoc's Tremendous Tomes.
 11362 | D:10     | Noticed a centaur warrior
 11447 | D:11     | Noticed a two-headed ogre
 11456 | D:11     | Killed a two-headed ogre
 11457 | D:11     | Reached skill level 13 in Maces & Flails
 11913 | D:11     | Found a staircase to the Orcish Mines.
 12072 | D:11     | Noticed a cyclops
 12085 | D:11     | Killed a cyclops
 13047 | D:12     | Noticed a boulder beetle
 13061 | D:12     | Noticed a two-headed ogre
 13063 | D:12     | Found a transporter.
 13063 | D:12     | Noticed a two-headed ogre
 13063 | D:12     | Noticed an ettin
 13067 | D:12     | Noticed a two-headed ogre
 13106 | D:12     | Killed a boulder beetle
 13107 | D:12     | Reached skill level 14 in Maces & Flails
 13228 | D:12     | Noticed NeonRainbow's ghost (journeyman TrTm)
 13229 | D:12     | Noticed a two-headed ogre
 13230 | D:12     | Noticed a two-headed ogre
 13231 | D:12     | Found a transporter.
 13469 | D:12     | Found Faego's Elemental Accessories.
 13905 | D:12     | Noticed a cyan ugly thing
 13919 | D:12     | Killed a cyan ugly thing
 13935 | D:12     | Reached XP level 12. HP: 57/103 MP: 12/12
 13945 | D:12     | Reached skill level 5 in Shields
 14567 | D:12     | Killed a two-headed ogre
 14568 | D:12     | Reached skill level 5 in Armour
 14746 | D:12     | Slain by an ettin

Illustrated notes

Levels and vault maps discovered:
D:1:      amcnicky_arrival_double_pillar, layout_basic, serial_shops,
          nicolae_shop_advertising_works [nicolae_subvault_shop_adworks]
D:2:      layout_rooms, basic_altar
D:3:      minmay_wonky_spiral, layout_basic, lightli_sewer_entry_pipes,
          mrwooster_statue_mirror, kennysheep_jessica_study
D:4:      layout_basic, serial_shops, shop, shop, shop_statue, shop_coins
D:5:      layout_basic, nicolae_qazlal_scattered_showers, temple_green,
          serial_shops, shop
D:6:      black_bear_nest_2, layout_rooms,
          chequers_temple_overflow_statue_of_worship
D:7:      layout_basic
D:8:      layout_loops_ring, mainiacjoe_overflow_large_starburst,
          lair_entry_dummy, minmay_misc_feat_square, grunt_decor_resistance,
          uniq_grum
D:9:      layout_roguey, lemuel_zombie_altar_kikubaaqudgha,
          kennysheep_minor_cross
D:10:     layout_basic, nicolae_ashenzari_skybound, ebering_ghost_inner_flame,
          nicolae_shop_i_like_big_books
D:11:     layout_long_grid, minmay_orc_entry_temple_small, st_stairs_13
D:12:     layout_roguey, gammafunk_ghost_smash, nicolae_elemental_shop
Temple:   nicolae_temple_bog_church

Skill      XL: |  1  2  3  4  5  6  7  8  9 10 11 12 |
---------------+-------------------------------------+-----
Fighting       | 4 5 6 7 8 10 12 | 12.7
Armour         | 4 5 |  5.1
Maces & Flails | 4 6 8 10 12 14 | 14.0
Shields        | 6 |  6.2

Action                     |  1- 3 |  4- 6 |  7- 9 | 10-12 || total
---------------------------+-------+-------+-------+-------++-------
  Melee: Flail             |   105 |   188 |   430 |   548 ||  1271
         Dire flail        |       |       |       |     5 ||     5
 Invoke: Sacrifice Purity  |       |       |     1 |       ||     1
         Sacrifice Artific |       |       |       |     1 ||     1
Ability: Dig               |       |       |     2 |       ||     2
    Use: Scroll            |       |    12 |     7 |     4 ||    23
         Potion            |       |     1 |       |     6 ||     7
   Stab: Distracted        |       |       |       |     2 ||     2
         Invisible         |       |       |       |     2 ||     2
 Armour: Scale mail        |    39 |   139 |    11 |       ||   189
         Chain mail        |       |       |   178 |   202 ||   380
  Dodge: Dodged            |    50 |   132 |   115 |   146 ||   443
  Block: Buckler           |    17 |    71 |   222 |   237 ||   547
         Reflection        |       |       |     2 |     6 ||     8

Table legend: (Time is in decaauts)
 A = Elapsed time spent in this place.
 B = Non-inter-level travel time spent in this place.
 C = Inter-level travel time spent in this place.
 D = Time resting spent in this place.
 E = Time spent auto-exploring this place.
 F = Levels seen in this place.
 G = Mean time per level.
                   A        B        C        D        E       F      G
               +--------+--------+--------+--------+--------+-----+--------+
         Total |  14783 |  14079 |    704 |    256 |  11153 |  14 | 1055.9 |
       Dungeon |  14341 |  13653 |    688 |    256 |  10825 |  12 | 1195.1 |
        Temple |    205 |    190 |     15 |      0 |    174 |   1 |  205.0 |
         Sewer |    236 |    236 |      0 |      0 |    154 |   1 |  236.0 |
               +--------+--------+--------+--------+--------+-----+--------+

Top non-repeatable levels by time:
     D:7: 1768 daAuts
    D:12: 1656 daAuts
    D:11: 1598 daAuts
    D:10: 1488 daAuts
     D:1: 1274 daAuts
     D:4: 1153 daAuts
     D:5: 1143 daAuts
     D:8: 1121 daAuts
     D:3: 998 daAuts
     D:9: 742 daAuts
     D:6: 742 daAuts
     D:2: 655 daAuts
   Sewer: 236 daAuts
  Temple: 205 daAuts
